 Dungeon Crawl Stone Soup version 0.29.1-2-gbd0b4ee654 (webtiles) character file.

Game seed: 5405051484632288189

72687 qeuew the Warrior (level 15, 0/150 HPs)
             Began as a Minotaur Berserker on Nov 14, 2022.
             Was a High Priest of Trog.
             Shot with an arrow by a satyr (7 damage)
             ... on level 3 of the Shoals on Nov 15, 2022.
             The game lasted 00:41:40 (19983 turns).

qeuew the Warrior (Minotaur Berserker)             Turns: 19983, Time: 00:41:40

Health: 0/150      AC: 28    Str: 30    XL:     15   Next: 1%
Magic:  12/12      EV: 16    Int:  6    God:    Trog [*****.]
Gold:   1088       SH:  9    Dex: 15    Spells: 14/14 levels left

rFire   + . .      SeeInvis +   y - +2 broad axe (protect)
rCold   + + .      Faith    .   (no shield)
rNeg    . . .      Spirit   .   t - +2 chain mail of the Jackalope {rC+ Regen+ Int+2}
rPois   .          Reflect  +   (helmet restricted)
rElec   .          Harm     .   A - scarf {rC+ rF+}
rCorr   .          Rampage  ∞   (no gloves)
Will    +++..                   q - +3 pair of seven-league boots {Rampage+∞}
Stlth   ..........              g - amulet of reflection
HPRegen 2.15/turn               z - +6 ring of strength
MPRegen 0.13/turn               o - ring of flight

@: strong-willed, under a protective aura, on berserk cooldown, flying,
regenerating, slowed, invisible, very slow
A: horns 2, retaliatory headbutt, large bone plates 1, see invisible, low MP 1
a: Renounce Religion, Berserk, Trog's Hand, Brothers in Arms


You were on level 3 of the Shoals.
You worshipped Trog.
Trog was extremely pleased with you.
You visited 3 branches of the dungeon, and saw 19 of its levels.
You also visited: Sewer and Bailey.

You collected 1382 gold pieces.
You spent 294 gold pieces at shops.

Inventory:

Hand Weapons
 h - a +1 battleaxe of flaming
 y - a +2 broad axe of protection (weapon)
Missiles
 L - a throwing net
Armour
 q - the +3 pair of seven-league boots (worn) {Rampage+∞}
   (You found it in a sewer)

   Its wearer moves as far as possible in that direction when moving towards
   enemies.
 t - the +2 chain mail of the Jackalope (worn) {rC+ Regen+ Int+2}
   (You bought it in a shop on level 7 of the Dungeon)

   Int:       It affects your intelligence (+2).
   rC:        It protects you from cold.
   Regen:     It increases your rate of health regeneration.
 A - a scarf of resistance (worn)
Jewellery
 g - an amulet of reflection (around neck)
 o - a ring of flight (right hand)
 z - a +6 ring of strength (left hand)
 E - a +4 ring of evasion
 F - a ring of positive energy
 H - an amulet of the acrobat
 I - an amulet of guardian spirit
 K - a +6 ring of dexterity
Wands
 l - a wand of flame (18)
 m - a wand of iceblast (3) (quivered)
 u - a wand of paralysis (18)
 G - a wand of digging (6)
Scrolls
 c - 6 scrolls of identify
 e - 5 scrolls of blinking
 k - 5 scrolls of teleportation
 p - 5 scrolls of summoning
 s - 2 scrolls of fear
 x - 5 scrolls of enchant armour
 B - 3 scrolls of enchant weapon
 D - 2 scrolls of fog
Potions
 a - 2 potions of invisibility
 b - a potion of might
 d - 4 potions of magic
 f - 2 potions of resistance
 i - 9 potions of curing
 j - 2 potions of ambrosia
 n - 2 potions of haste
 r - 2 potions of mutation
 v - 2 potions of heal wounds
 w - 4 potions of flight


   Skills:
 + Level 18.4 Fighting
 + Level 15.4 Axes
 + Level 18.1 Armour
 + Level 14.0 Dodging
 + Level 9.0 Evocations


You had 14 spell levels left.
You didn't know any spells.
Your spell library was empty.

Dungeon Overview and Level Annotations

Branches:
Dungeon (11/15)            Temple (0/1) D:4            Lair (5/5) D:11
 Shoals (3/4) Lair:2       Spider (0/4) Lair:2        Slime (0/5) Lair:4
    Orc (0/2) D:10          Sewer (visited)          Bailey (visited)

Altars:
Sif Muna
Vehumet
Yredelemnul
Jiyva
Lugonu

Shops:
D:2 (   D:7 (**[(

Portals:
Abyss: Lair:5

Annotations:
D:8 exclusion: obsidian statue
D:11 2 transporters, cdecastro's ghost, journeyman HOFi


Innate Abilities, Weirdness & Mutations

You have a pair of horns on your head.
You reflexively headbutt those who attack you in melee.
You are partially covered in large bone plates. (SH +4)
You have supernaturally acute eyesight. (SInv)
Your magical capacity is low. (-10% MP)


Message History

Your base attributes are Str 24, Int 4, Dex 13.
Increase (S)trength, (I)ntelligence, or (D)exterity?
You feel agile. x2
You stride towards the merfolk impaler!
You miss the merfolk impaler. The merfolk impaler misses you.
You miss the merfolk impaler.
The merfolk impaler hits you but does no damage.
You slice the merfolk impaler!! You headbutt the merfolk impaler!!
The merfolk impaler is heavily wounded.
The merfolk impaler hits you with a +0 trident.
You block the merfolk impaler's attack.
You slice the merfolk impaler!!
The merfolk impaler is almost dead.
You are no longer berserk.
You are exhausted.
You feel yourself slow down. The merfolk impaler barely misses you.
The snapping turtle bites you from afar!
* * * LOW HITPOINT WARNING * * *
The merfolk impaler closely misses you.
You feel much better.
The merfolk impaler barely misses you. x2
The merfolk impaler hits you with a +0 trident!
The satyr plays a frightful melody on his pipes!
The satyr radiates an aura of fear!
You resist with almost no effort.
The snapping turtle bites you but does no damage.
You block the merfolk impaler's attack. The merfolk impaler misses you.
The snapping turtle bites you from afar.
The merfolk impaler hits you from afar with a +4 demon trident of electrocution.
* * * LOW HITPOINT WARNING * * *
You fade into invisibility!
The satyr shoots an arrow.
The arrow hits you!
* * * LOW HITPOINT WARNING * * *
The merfolk impaler barely misses you. You block the merfolk impaler's attack.
The merfolk impaler hits you but does no damage.
You block the snapping turtle's attack.
The merfolk impaler hits you from afar with a +4 demon trident of electrocution!
* * * LOW HITPOINT WARNING * * *
You are electrocuted!
* * * LOW HITPOINT WARNING * * *
The satyr shoots an arrow.
The arrow hits you!
You die...

.#.........#.:!!}).#...
...........#.##.##.#...
...........#.##.# .#..
...........#.##.##)#...
...........#.......#...
...........#.m.....# .
.........).###tm†###...
~~~~~....).....c.......
~~~~~~..~~~....@.......
≈≈≈≈~~~.~~)~~~.m.......
≈≈≈≈≈~~~~~~~~~~~.......
≈≈≈≈≈≈~~~≈~~~~~~~......
≈≈≈≈≈≈≈≈≈≈≈≈~~~~~...?..
≈≈≈≈≈≈≈≈≈≈≈~~~~..[...
≈≈≈≈≈≈≈≈≈≈≈≈~~~~....~
≈≈≈≈≈≈≈≈≈≈≈≈≈~~~~....


You could see a merfolk avatar (unable to see you), 2 merfolk impalers, a satyr
(unable to see you) and a snapping turtle (unable to see you).

Vanquished Creatures
  The ghost of thechecker02 the Blocker, an adept GnFi of Cheibriados (Shoals:3)
  Ilsuiw (Shoals:2)
  3 merfolk impalers (Shoals:2)
  9 hydras
  A boulder beetle (Lair:2)
  A merfolk avatar (Shoals:2)
  A centaur warrior (Shoals:2)
  A two-headed ogre (D:9)
  7 death yaks
  4 thrashing horrors (Lair:5)
  2 sun demons (Shoals:1)
  The ghost of Anandil the Covered, a novice DgCj (D:10)
  6 harpies
  A deep elf pyromancer (D:7)
  8 fauns
  2 ugly things (Lair:5)
  2 manticores (Shoals:1)
  8 elephants
  5 merfolk sirens (Shoals:2)
  2 ice statues
  Joseph (D:8)
  2 torpor snails (Lair:1)
  6 water nymphs
  2 black mambas
  A molten gargoyle (Lair:4)
  A gargoyle (Bailey)
  2 smoke demons (Lair:5)
  8 cane toads
  3 kobold demonologists (D:11)
  6 komodo dragons
  An ice devil (Lair:2)
  2 ancient zymes (Lair:5)
  8 polar bears
  11 merfolk
  3 hornets
  A troll (D:10)
  2 wind drakes
  4 snapping turtles
  16 blink frogs
  3 dream sheep (D:7)
  2 water elementals
  4 spriggans
  3 ynoxinuls (Lair:5)
  A vampire (Bailey)
  2 hogs
  5 wyverns
  Eustachio (D:6)
  3 basilisks
  38 yaks
  2 vampire mosquitoes (D:11)
  A steam dragon (D:10)
  Grum (D:10)
  A chaos spawn (Lair:5)
  9 small abominations (Lair:5)
  An acid dragon (D:9)
  Duvessa (D:6)
  12 water moccasins
  A sky beast (D:7)
  5 black bears
  6 orc warriors
  2 ogres (D:6)
  10 ice beasts
  3 wolves (D:10)
  2 centaurs
  A phantom (D:5)
  3 kobold brigands
  12 bullfrogs
  2 necrophages
  2 gnoll sergeants (D:9)
  5 scorpions
  3 wights (D:10)
  Dowan (D:6)
  17 jellies
  12 killer bees
  3 howler monkeys (D:9)
  8 wolf zombies (Bailey)
  7 vampire bats (Bailey)
  2 lava snakes
  5 hounds
  A gnoll bouda (D:7)
  5 orc priests
  Crazy Yiuf (D:4)
  3 hell rats (D:11)
  5 iguanas
  6 orc wizards
  18 gnolls
  14 adders
  3 river rats (D:6)
  A shadow imp (D:8)
  5 white imps
  10 worms
  6 dart slugs
  44 orcs
  14 ball pythons
  14 endoplasms
  14 giant cockroaches
  11 goblins
  10 hobgoblins
  8 jackals
  6 quokkas
  5 bats
  13 frilled lizards
  13 kobolds
  21 orc zombies (Bailey)
  6 rats
605 creatures vanquished.

Vanquished Creatures (collateral kills)
  Kirke (Lair:4)
  3 merfolk sirens (Shoals:2)
  3 hogs (Lair:4)
  A yak (Lair:4)
  A water moccasin (Lair:4)
9 creatures vanquished.

Vanquished Creatures (others)
  An endoplasm (D:4)
  3 fungi
  22 plants
26 creatures vanquished.

Grand Total: 640 creatures vanquished

Notes
Turn   | Place    | Note
-------+----------+-------------------------------------------
     0 | D:1      | qeuew the Minotaur Berserker began the quest for the Orb.
     0 | D:1      | Reached XP level 1. HP: 19/19 MP: 0/0
     2 | D:1      | Found a runed translucent door.
   268 | D:1      | Reached XP level 2. HP: 27/27 MP: 1/1
   903 | D:1      | Reached XP level 3. HP: 33/33 MP: 2/2
  1021 | D:1      | Found a faded altar of an unknown god.
  1283 | D:1      | Reached ** piety under Trog
  1320 | D:1      | Gained mutation: You have supernaturally acute eyesight.
                  | (SInv) [potion of mutation]
  1596 | D:2      | Reached XP level 4. HP: 35/40 MP: 3/3
  1764 | D:2      | Found Jeugh's Antique Weapon Shop.
  2644 | D:3      | Found a basalt altar of Yredelemnul.
  2805 | D:3      | Reached *** piety under Trog
  3045 | D:4      | Reached XP level 5. HP: 47/47 MP: 4/4
  3290 | D:4      | Reached skill level 5 in Axes
  3294 | D:4      | Reached skill level 5 in Fighting
  3406 | D:4      | Found a runed translucent door.
  3407 | D:4      | Noticed Crazy Yiuf
  3474 | D:4      | Reached XP level 6. HP: 42/56 MP: 5/5
  3575 | D:4      | Reached skill level 5 in Armour
  3907 | D:4      | Found a staircase to the Ecumenical Temple.
  4409 | D:4      | Killed Crazy Yiuf
  4462 | D:5      | Entered Level 5 of the Dungeon
  4585 | D:5      | Found a shimmering blue altar of Sif Muna.
  4611 | D:5      | Reached XP level 7. HP: 56/62 MP: 6/6
  4662 | D:5      | Found a radiant altar of Vehumet.
  5209 | D:5      | Reached skill level 5 in Dodging
  5749 | D:5      | Reached **** piety under Trog
  6003 | D:5      | Reached XP level 8. HP: 63/71 MP: 7/7
  6329 | D:6      | Noticed a hornet
  6339 | D:6      | Paralysed by a hornet for 1 turns
  6343 | D:6      | Paralysed by a hornet for 3 turns
  6347 | D:6      | Killed a hornet
  6502 | D:6      | Found a glowing drain.
  6508 | Sewer    | Entered a sewer
  6830 | Sewer    | Found the +3 pair of seven-league boots {Rampage+∞}
  7619 | D:6      | Noticed Eustachio
  7631 | D:6      | Reached XP level 9. HP: 42/81 MP: 8/8
  7645 | D:6      | Killed Eustachio
  7646 | D:6      | Reached skill level 10 in Armour
  8097 | D:6      | Noticed Dowan
  8118 | D:6      | Killed Dowan
  8301 | D:6      | Noticed Duvessa
  8318 | D:6      | Killed Duvessa
  8814 | D:7      | Found Pucywk's Assorted Antiques.
  8862 | D:7      | Found Zotz's Weapon Shoppe.
  9038 | D:7      | Found a huge runed translucent gate.
  9039 | D:7      | Found a huge runed translucent gate.
  9039 | D:7      | Noticed a polar bear
  9039 | D:7      | Noticed a polar bear
  9040 | D:7      | Found a huge runed translucent gate.
  9056 | D:7      | Found Vaukajam's Assorted Antiques.
  9062 | D:7      | Bought a jewelled chain mail for 294 gold pieces
  9062 | D:7      | Identified the +2 chain mail of the Jackalope {rC+ Regen+
                  | Int+2} (You bought it in a shop on level 7 of the Dungeon)
  9131 | D:7      | Found Jyhutig's Antique Armour Boutique.
  9344 | D:7      | Noticed a deep elf pyromancer
  9354 | D:7      | Killed a deep elf pyromancer
  9355 | D:7      | Reached XP level 10. HP: 91/91 MP: 9/9
  9432 | D:7      | Found a huge runed translucent gate.
  9433 | D:7      | Found Paeng's Weapon Shoppe.
  9514 | D:7      | Noticed a death yak
  9565 | D:7      | Killed a death yak
  9566 | D:7      | Reached skill level 10 in Fighting
  9571 | D:7      | Reached skill level 10 in Axes
  9678 | D:8      | Identified the +2 morningstar "Killer Klown's Regret"
                  | {drain, rPois Will++ Int+2 Stlth-}
  9850 | D:8      | Noticed an obsidian statue
 10067 | D:8      | Noticed Joseph
 10083 | D:8      | Killed Joseph
 10174 | D:8      | Reached skill level 1 in Evocations
 10174 | D:8      | Reached XP level 11. HP: 104/104 MP: 10/10
 10723 | D:9      | Noticed a two-headed ogre
 10739 | D:9      | Killed a two-headed ogre
 10979 | D:9      | Paralysed by a hornet for 2 turns
 10992 | D:9      | Reached ***** piety under Trog
 11256 | D:9      | Reached skill level 10 in Dodging
 11665 | D:10     | Entered Level 10 of the Dungeon
 11999 | D:10     | Found a large runed translucent door.
 12000 | D:10     | Found a large runed translucent door.
 12002 | D:10     | Noticed Anandil's ghost (novice DgCj)
 12010 | D:10     | Noticed Grum
 12014 | D:10     | Killed Grum
 12055 | D:10     | Paralysed by a hornet for 1 turns
 12091 | D:10     | Found a flagged portal.
 12209 | Bailey   | Entered a bailey
 12232 | Bailey   | Received a gift from Trog
 12281 | Bailey   | Reached skill level 15 in Armour
 12311 | Bailey   | Identified the +0 leather armour of the Merchant {rPois rF-
                  | rCorr Str+5}
 12319 | Bailey   | Identified the +0 leather armour "Vanoidgh" {rC+ SInv
                  | Stlth+}
 12368 | Bailey   | Identified the +2 plate armour of Pikhigas {Contam rF++
                  | Dex+4 Stlth+}
 12684 | D:10     | Found a staircase to the Orcish Mines.
 12779 | D:10     | Killed Anandil's ghost
 12790 | D:10     | Lost mutation: You have supernaturally acute eyesight.
                  | (SInv) [potion of mutation]
 12790 | D:10     | Gained mutation: You are clumsy. (Dex -2) [potion of
                  | mutation]
 12790 | D:10     | Gained mutation: Your spells are a little easier to cast,
                  | but a little less powerful. [potion of mutation]
 12790 | D:10     | Gained mutation: Your mind is acute. (Int +4, Str/Dex -1)
                  | [potion of mutation]
 12791 | D:10     | Lost mutation: Your mind is acute. (Int +4, Str/Dex -1)
                  | [potion of mutation]
 12791 | D:10     | Lost mutation: Your spells are a little easier to cast, but
                  | a little less powerful. [potion of mutation]
 12791 | D:10     | Gained mutation: You are partially covered in large bone
                  | plates. (SH +4) [potion of mutation]
 12791 | D:10     | Gained mutation: You expend magic power (3 MP) to
                  | strengthen your wands. [potion of mutation]
 12792 | D:10     | Lost mutation: You expend magic power (3 MP) to strengthen
                  | your wands. [potion of mutation]
 12792 | D:10     | Lost mutation: You are clumsy. (Dex -2) [potion of
                  | mutation]
 12792 | D:10     | Gained mutation: Your magical capacity is low. (-10% MP)
                  | [potion of mutation]
 12792 | D:10     | Gained mutation: You have supernaturally acute eyesight.
                  | (SInv) [potion of mutation]
 12921 | D:11     | Noticed a wolf spider
 12947 | D:11     | Found a transporter.
 12948 | D:11     | Noticed cdecastro's ghost (journeyman HOFi)
 12949 | D:11     | Noticed a boulder beetle
 12950 | D:11     | Found a transporter.
 13176 | D:11     | Noticed a death yak
 13187 | D:11     | Noticed a death yak
 13190 | D:11     | Noticed a death yak
 13191 | D:11     | Reached XP level 12. HP: 79/117 MP: 9/9
 13322 | D:11     | Found a staircase to the Lair.
 13335 | D:11     | Killed a death yak
 13339 | D:11     | Killed a death yak
 13349 | D:11     | Killed a death yak
 13423 | Lair:1   | Entered Level 1 of the Lair of Beasts
 13504 | Lair:1   | Reached skill level 5 in Evocations
 13514 | Lair:1   | Noticed a five-headed hydra
 13524 | Lair:1   | Killed a seven-headed hydra
 13525 | Lair:1   | Reached skill level 15 in Fighting
 13604 | Lair:1   | Noticed a five-headed hydra
 13608 | Lair:1   | Killed a five-headed hydra
 13664 | Lair:1   | Received a gift from Trog
 14171 | Lair:2   | Noticed an eight-headed hydra
 14178 | Lair:2   | Killed a seven-headed hydra
 14222 | Lair:2   | Reached XP level 13. HP: 122/128 MP: 10/10
 14285 | Lair:2   | Found a hole to the Spider Nest.
 14625 | Lair:2   | Found a staircase to the Shoals.
 15301 | Lair:3   | Received a gift from Trog
 16045 | Lair:4   | Noticed Kirke
 16059 | Lair:4   | Killed Kirke
 16166 | Lair:4   | Found a staircase to the Slime Pits.
 16200 | Lair:4   | Found a viscous altar of Jiyva.
 16747 | Lair:5   | Entered Level 5 of the Lair of Beasts
 17142 | Lair:5   | Reached XP level 14. HP: 102/140 MP: 11/11
 17497 | Lair:5   | Found a corrupted altar of Lugonu.
 17497 | Lair:5   | Found a one-way gate to the infinite horrors of the Abyss.
 18028 | Shoals:1 | Entered Level 1 of the Shoals
 18938 | Shoals:2 | Received a gift from Trog
 18938 | Shoals:2 | Reached ****** piety under Trog
 18939 | Shoals:2 | Reached skill level 15 in Axes
 19240 | Shoals:2 | Noticed Ilsuiw
 19579 | Shoals:2 | Killed Ilsuiw
 19917 | Shoals:3 | Noticed thechecker02's ghost (adept GnFi)
 19927 | Shoals:3 | Found a runed translucent gate.
 19927 | Shoals:3 | Found a runed translucent gate.
 19929 | Shoals:3 | Found a runed translucent gate.
 19977 | Shoals:3 | Killed thechecker02's ghost
 19978 | Shoals:3 | Reached XP level 15. HP: 75/150 MP: 12/12
 19983 | Shoals:3 | HP: 7/150 [merfolk impaler/+4 demon trident of
                  | electrocution (9)]
 19983 | Shoals:3 | Shot with an arrow by a satyr

Illustrated notes

Levels and vault maps discovered:
D:1:      dpeg_arrival_caged_fury, layout_basic,
          dilly_ecumenical_altar_fadedgnrine
D:2:      layout_basic, serial_shops, shop
D:3:      layout_basic, mainiacjoe_overflow_alcove_2, nicolae_wormholes
D:4:      minmay_opposing_rooms, layout_loops_cross, lemuel_temple_firewalk_a,
          uniq_crazy_yiuf_cottage
D:5:      layout_basic, mainiacjoe_overflow_catch_the_wave
D:6:      layout_loops_corners, lightli_sewer_entry_pipes, grunt_ministairs_7,
          uniq_eustachio, uniq_duvessa
D:7:      lemuel_bear_cage, layout_loops_ring, serial_shops, nicolae_shop_trees,
          nicolae_square_shop, nicolae_shop_overgrown_old_shop,
          nicolae_shop_bloodbath_and_beyond, nicolae_shop_trees,
          grunt_ministairs_1, minmay_manual_mullet
D:8:      minmay_separated_statues, layout_cave_pods, uniq_joseph
D:9:      layout_irregular_city, library_closet, kennysheep_big_empty_room,
          minmay_misc_feat_secret_circle
D:10:     layout_loops_cross, david_orc_5, ebering_ghost_disaster_area,
          enter_bailey_2, uniq_grum
D:11:     layout_rooms, dpeg_lair_monsters, gammafunk_ghost_arena, minivault_24
Lair:1:   layout_regular_city, wad_woods_02, serial_bayou_shore_b
Lair:2:   layout_cave_pods, shoals_dummy_entry, spider_nest_entry_web_field,
          columned_hall_lemuel, ice2_lemuel
Lair:3:   layout_regular_city, grunt_megastairs_3
Lair:4:   layout_gridlike, minmay_slime_entry_jelly_boxes, uniq_kirke
Lair:5:   hellmonk_lair_end_abyssal_woods, layout_regular_city,
          chequers_serial_rivers_micro_d, infiniplex_staircase_pool
Shoals:1: layout_shoals, nicolae_shoals_sun_and_surf
Shoals:2: layout_shoals, uniq_ilsuiw
Shoals:3: layout_shoals, gammafunk_ghost_split

Skill      XL: |  1  2  3  4  5  6  7  8  9 10 11 12 13 14 |
---------------+-------------------------------------------+-----
Axes           | 4 5 6 7 9 10 12 13 14 15 | 15.4
Fighting       | 4 5 6 7 9 11 14 15 17 18 | 18.4
Armour         | 3 4 6 7 9 12 14 15 16 17 18 | 18.1
Dodging        | 3 4 5 6 8 9 10 11 13 14 | 14.0
Evocations     | 1 4 6 7 9 |  9.0

Action                   |  1- 3 |  4- 6 |  7- 9 | 10-12 | 13-15 || total
-------------------------+-------+-------+-------+-------+-------++-------
Melee: Hand axe          |    91 |   193 |   371 |   240 |       ||   895
       Headbutt          |    13 |    30 |    85 |   158 |   159 ||   445
       Punch             |       |     1 |     5 |     9 |     6 ||    21
       Broad axe         |       |       |       |   382 |   584 ||   966
       Battleaxe         |       |       |       |     2 |    17 ||    19
       Unarmed           |       |       |       |       |     2 ||     2
Invok: Berserk           |     1 |       |     4 |     2 |     4 ||    11
       Trog's Hand       |       |       |     2 |       |     4 ||     6
       Brothers in Arms  |       |       |       |     1 |     3 ||     4
Evoke: Wand              |       |       |       |    12 |       ||    12
  Use: Potion            |     4 |     3 |     1 |     4 |     5 ||    17
       Scroll            |     3 |     4 |     5 |    11 |     5 ||    28
Armor: Animal skin       |    16 |     4 |       |       |       ||    20
       Ring mail         |       |    42 |   103 |       |       ||   145
       Chain mail        |       |       |    17 |   311 |   350 ||   678
Dodge: Dodged            |    50 |    76 |   218 |   332 |   461 ||  1137
Block: Other             |       |    35 |    93 |   195 |   293 ||   616
       Reflection        |       |       |       |       |    12 ||    12
